 Dungeon Crawl Stone Soup version 0.19.0-18-g426998a (webtiles) character file.

155 sighowe the Shield-Bearer (level 5, -2/48 HPs)
             Began as a Gargoyle Fighter on Nov 12, 2016.
             Killed by divine providence
             ... invoked by an orc priest
              (10 damage)
             ... on level 3 of the Dungeon.
             The game lasted 00:09:11 (2273 turns).

sighowe the Shield-Bearer (Gargoyle Fighter)        Turns: 2273, Time: 00:09:11

Health: -2/48      AC: 22    Str: 21    XL:     5   Next: 37%
Magic:  5/5        EV:  2    Int:  8    God:
Gold:   110        SH:  9    Dex:  9    Spells: 0 memorised, 4 levels left

rFire  . . .     SeeInvis .     a - +0 flail
rCold  . . .     Gourm    .     (armour currently unavailable)
rNeg   + + +     Faith    .     c - +0 shield
rPois  ∞         Spirit   .     (helmet currently unavailable)
rElec  .         Reflect  .     (cloak currently unavailable)
rCorr  .         Harm     .     (gloves currently unavailable)
MR     .....     NoTele   +     (boots currently unavailable)
Stlth  +.........               (no amulet)
                                (no ring)
                                n - ring of flight

@: tree-form, slowed, very slow
A: negative energy resistance 1, (electricity resistance), (unbreathing),
petrification resistance, rot immunity, AC +4
a: no special abilities


You were on level 3 of the Dungeon.
You were hungry.
You were a tree.
You visited 1 branch of the dungeon, and saw 3 of its levels.

You collected 110 gold pieces.

Inventory:

Hand Weapons
 a - a +0 flail (weapon)
Armour
 b - a +0 scale mail
 c - a +0 shield (worn)
 e - a +3 leather armour
 f - a +2 scale mail of fire resistance (melded)
Magical Staves
 p - an uncursed staff of conjuration {unknown}
Jewellery
 k - an uncursed amulet of faith
 n - a ring of flight (left branch)
Scrolls
 g - 2 scrolls of remove curse {unknown}
 h - a scroll of fog {unknown}
 i - a scroll of enchant armour {unknown}
 l - a scroll of blinking {unknown}
 m - 2 scrolls of identify
 q - a scroll of amnesia {unknown}
Potions
 d - a potion of might
Comestibles
 j - 2 beef jerkies


   Skills:
 + Level 3.5 Fighting
 + Level 3.7 Maces & Flails
 + Level 3.7 Armour
 + Level 1.0 Dodging
 + Level 4.5 Shields


You had 4 spell levels left.
You didn't know any spells.

Dungeon Overview and Level Annotations

Branches:
Dungeon (3/15)

Altars:


Innate Abilities, Weirdness & Mutations

You are resistant to torment.
((Your stone body is resilient. (AC +4)))
You are immune to poison.
You resist negative energy. (rN+)
((You are resistant to electric shocks. (rElec)))
((You can survive without breathing.))
You are immune to petrification.
You are immune to rotting.


Message History

You feel less resistant to fire.
Your roots penetrate the ground.
You cannot move.
You miss the orc wizard.
The orc wizard is moderately wounded.
The orc wizard hits you but does no damage.
You block the orc wizard's attack.
The orc wizard gestures wildly while chanting.
The orc wizard blinks!
You closely miss the orc.
The orc wizard mumbles some strange words.
The orc wizard blinks!
You block the orc priest's attack. The orc hits you but does no damage. x2
The orc wizard hits you but does no damage.
The orc priest hits you but does no damage.
You barely miss the orc.
The orc wizard hits you but does no damage.
You block the orc's attack. The orc hits you but does no damage.
The orc priest mumbles some strange prayers to Beogh against you.
Beogh smites you!
You die...

#<........#####...####.#
#..#...##.# #........#
##...####.# #†#.######
##.#####.# #...#
#.......# #...#
#.####### ##.## ###.#
#o# ....# ######o##
##### #....o♣.#
#..###oo##
###..#).†..#######
#.........[......#
#.#..#.#...#####.#
#.#..#.#.†)# #.#
#.#........# #.#
######.####.#.#.# #.##
#...(..# #.....# #..#


You could see an orc priest, 2 orc wizards and 2 orcs.

Vanquished Creatures
  Ijyb (D:2)
  An orc wizard (D:3)
  3 adders
  2 worms
  2 dart slugs
  2 leopard geckos (D:2)
  An orc (D:3)
  2 ball pythons
  3 giant cockroaches
  2 goblins
  4 hobgoblins
  11 jackals
  A quokka (D:2)
  6 bats
  3 frilled lizards
  9 kobolds
  16 rats
69 creatures vanquished.

Notes
Turn   | Place    | Note
-------+----------+-------------------------------------------
     0 | D:1      | sighowe the Gargoyle Fighter began the quest for the Orb.
     0 | D:1      | Reached XP level 1. HP: 14/14 MP: 1/1
    81 | D:1      | Reached XP level 2. HP: 13/19 MP: 2/2
   536 | D:1      | Reached XP level 3. HP: 23/23 MP: 3/3
   608 | D:1      | Reached skill level 4 in Shields
  1275 | D:2      | Reached XP level 4. HP: 27/28 MP: 4/4
  1370 | D:2      | Noticed Ijyb
  1401 | D:2      | Killed Ijyb
  1401 | D:2      | Reached skill level 1 in Dodging
  2108 | D:3      | Reached XP level 5. HP: 32/32 MP: 5/5
  2273 | D:3      | Killed from afar by an orc priest

Skill      XL: |  1  2  3  4 |
---------------+-------------+-----
Shields        | 4 |  4.5
Maces & Flails | 3 |  3.7
Dodging        | 1 |  1.0
Fighting       | |  3.5
Armour         | |  3.7

Action                   |  1- 3 |  4- 6 || total
-------------------------+-------+-------++-------
Melee: Flail             |   146 |   142 ||   288
  Use: Scroll            |       |     1 ||     1
       Potion            |       |     1 ||     1
  Eat: Bread ration      |     1 |       ||     1
Armor: Leather armour    |    99 |    21 ||   120
       Scale mail        |     1 |    50 ||    51
       Skin              |       |     5 ||     5
Dodge: Dodged            |    71 |    42 ||   113
Block: Shield            |   109 |    69 ||   178
